 Dungeon Crawl Stone Soup version 0.18-a0-1789-gbeff17f (webtiles) character file.

42 macross the Grasshopper (level 3, 0/29 (30) HPs)
             Began as a Ghoul Warper on Apr 21, 2016.
             Slain by an iron imp (4 damage)
             ... summoned by Natasha
             ... on level 2 of the Dungeon.
             The game lasted 00:03:34 (944 turns).

macross the Grasshopper (Ghoul Warper)               Turns: 944, Time: 00:03:34

HP:   0/29 (30)     AC:  1    Str: 15    XL:     3   Next: 54%
MP:   4/5           EV: 12    Int:  8    God:
Gold: 20            SH:  0    Dex:  8    Spells: 1 memorised, 5 levels left

rFire  . . .     SeeInvis .       - Unarmed
rCold  + . .     Gourm    .     l - -1 robe (curse)
rNeg   + + +     Faith    .     (no shield)
rPois  ∞         Spirit   .     (no helmet)
rElec  .         Dismiss  .     (no cloak)
rCorr  .         Reflect  .     (no gloves)
SustAt .         Harm     .     (no boots)
MR     .....                    (no amulet)
Stlth  +.........               (no ring)
                                (no ring)

@: rotting, not resistant to hostile enchantments, very unstealthy
A: rotting body, claws 1, carnivore 3, cold resistance 1, negative energy
resistance 3, slow regeneration 1, torment resistance, unbreathing
a: no special abilities


You were on level 2 of the Dungeon.
You were not hungry.

You visited 1 branch of the dungeon, and saw 2 of its levels.

You collected 20 gold pieces.

Inventory:

Hand Weapons
 g - a +0 dagger
Missiles
 d - 5 tomahawks of dispersal (quivered)
Armour
 a - a +0 leather armour
 l - a cursed -1 robe (worn)
Jewellery
 i - an uncursed ring of fire {unknown}
Scrolls
 c - a scroll of blinking
 h - a scroll of random uselessness
 j - a scroll of identify
Potions
 e - 2 potions of degeneration
 k - a potion of curing
Books
 b - a book of Spatial Translocations

   Spells                             Type                      Level
   a - Apportation                    Translocation                1
   b - Blink                          Translocation                2
   c - Shroud of Golubria             Charms/Translocation         2
   d - Portal Projectile              Translocation                3
   e - Teleport Other                 Translocation                3
   f - Passage of Golubria            Translocation                4
Comestibles
 f - 2 meat rations
 m - a slice of pizza


   Skills:
 + Level 2.5 Fighting
 + Level 0.8 Throwing
 + Level 1.1 Armour
 + Level 2.1 Dodging
 * Level 2.7 Unarmed Combat
 + Level 2.0 Spellcasting
 + Level 3.0 Translocations


You had 5 spell levels left.
You knew the following spells:

 Your Spells              Type           Power        Failure   Level  Hunger
a - Apportation           Tloc           #.........   12%         1    ##.....


Dungeon Overview and Level Annotations

Branches:
Dungeon (2/15)

Altars:

Annotations:
D:2 Natasha


Innate Abilities, Weirdness & Mutations

Your body is rotting away.
You thrive on raw meat.
You are immune to poison.
You have sharp fingernails.
You are carnivorous and can eat meat at any time.
Your flesh is cold resistant.
You are immune to negative energy.
You regenerate slowly when monsters are visible.
You are immune to unholy pain and torment.
You can survive without breathing.


Message History

Natasha is heavily wounded.
Natasha stares at you and mumbles some strange words.
You resist with significant effort. The iron imp barely misses you.
You scratch Natasha.
Natasha is almost dead.
Natasha hisses.
Natasha barely misses you.
You barely miss Natasha.
Natasha is almost dead.
Natasha closely misses you. The iron imp barely misses you.
You scratch Natasha but do no damage.
Natasha is almost dead.
Natasha mumbles some strange words.
The iron imp barely misses you.
You barely miss Natasha.
Natasha is almost dead.
Natasha claws you!
* * * LOW HITPOINT WARNING * * *
The iron imp hits you.
You die...

##.# #...# .#.#
#...# .#.# #...#
.#.# #...#
...####...######
................
...###....########
.......#.........#
...#############@#
...# #..h5# ...#
#....# ..>#
..)5..# .###
##.....# ##
#.....# ##...##
....


You could see an iron imp, Natasha and a white imp.

Vanquished Creatures
  2 adders (D:2)
  A giant gecko (D:2)
  2 bats (D:2)
  A giant cockroach (D:1)
  3 goblins (D:1)
  3 hobgoblins
  6 jackals
  A kobold (D:1)
  A rat (D:1)
20 creatures vanquished.

Notes
Turn   | Place    | Note
--------------------------------------------------------------
     0 | D:1      | macross the Ghoul Warper began the quest for the Orb.
     0 | D:1      | Reached XP level 1. HP: 17/17 MP: 2/2
   100 | D:1      | Reached skill level 1 in Armour
   100 | D:1      | Reached XP level 2. HP: 15/24 MP: 3/3
   311 | D:2      | Reached skill level 3 in Translocations
   430 | D:2      | Reached XP level 3. HP: 11/30 MP: 4/4
   925 | D:2      | Noticed Natasha
   944 | D:2      | Slain by an iron imp

Vault maps used:
D:1:      dpeg_arrival_short_road
D:2:      serial_corexii_hall, corexii_hall_statues_x, corexii_hall_statues_s,
          uniq_natasha, uniq_iyjb

Skill      XL: |  1  2  3 |
---------------+----------+-----
Armour         | 1 |  1.1
Dodging        | 2 |  2.1
Translocations | 3 |  3.0
Spellcasting   | 2 |  2.0
Fighting       | |  2.5
Throwing       | |  0.8
Unarmed Combat | |  2.7

Action                   || total
-------------------------++-------
Melee: Unarmed           ||    85
       Punch             ||     1
  Use: Scroll            ||     3
Armor: Leather armour    ||     5
       Robe              ||     6
Dodge: Dodged            ||    68
